 Dungeon Crawl Stone Soup version 0.32-a0-422-g28b100f618 (webtiles) character file.

Game seed: 13062497356568940878

22876 Persephone the Fencer (level 12, -1/100 HPs)
             Began as a Minotaur Wanderer on Feb 21, 2024.
             Was an Initiate of Gozag.
             Slain by a hog (6 damage)
             ... led by Kirke
             ... on level 3 of the Lair of Beasts.
             The game lasted 00:20:04 (10773 turns).

Persephone the Fencer (Minotaur Wanderer)          Turns: 10773, Time: 00:20:04

Health: -1/100     AC:  0    Str: 19    XL:     12   Next: 66%
Magic:  11/11      EV: 22    Int:  7    God:    Gozag
Gold:   837        SH:  0    Dex: 15    Spells: 11/11 levels left

rFire   . . .        e - melded +4 great sword of Gallantry {drain, rF++ rC- Str+4 Stlth+}
rCold   . . .        (shield currently unavailable)
rNeg    . . .        f - melded +5 ring mail "Obad" {rC+ Will+}
rPois   .            (helmet currently unavailable)
rElec   .            c - melded scarf {repulsion}
rCorr   .            (gloves currently unavailable)
SInv    .            a - melded +0 pair of boots {Stlth+}
Will    .....        h - amulet of regeneration
Stlth   ++           g - melded ring of protection from fire
HPRegen 1.16/turn    w - melded ring of see invisible
MPRegen 0.12/turn

%: no passive effects
@: pig-form, slowed
A: fast, no casting, small, (horns 2), (retaliatory headbutt)
a: Renounce Religion, Potion Petition, Call Merchant, Bribe Branch


You were on level 3 of the Lair of Beasts.
You worshipped Gozag.
Gozag was pleased with you.
You were a filthy swine.
You visited 3 branches of the dungeon, and saw 15 of its levels.

You collected 3949 gold pieces.
You spent 854 gold pieces at shops.
You paid 2258 gold pieces to Gozag.

Inventory:

Hand Weapons
 e - the +4 great sword of Gallantry (melded) {drain, rF++ rC- Str+4 Stlth+}
   (You bought it in a shop on level 2 of the Lair of Beasts)

   Str+4:     It affects your strength (+4).
   rF++:      It greatly protects you from fire.
   rC-:       It makes you vulnerable to cold.
   Stlth+:    It makes you more stealthy.
Missiles
 b - 16 boomerangs (quivered)
Armour
 a - a +0 pair of boots of stealth (melded)
 c - a scarf of repulsion (melded)
 f - the +5 ring mail "Obad" (melded) {rC+ Will+}
   (You bought it in a shop on level 1 of the Lair of Beasts)

   rC+:       It protects you from cold.
   Will+:     It increases your willpower.
Jewellery
 g - a ring of protection from fire (melded)
 h - an amulet of regeneration (around neck)
 w - a ring of see invisible (melded)
 G - an amulet of guardian spirit
Wands
 v - a wand of flame (11)
 F - a wand of mindburst (8)
 I - a wand of digging (4)
Scrolls
 j - 5 scrolls of poison
 m - 6 scrolls of teleportation
 n - 2 scrolls of enchant weapon
 p - a scroll of blinking
 r - a scroll of noise
 s - a scroll of torment
 y - 3 scrolls of fog
 z - 2 scrolls of amnesia
 B - a scroll of identify
Potions
 d - a potion of berserk rage {unknown}
 i - a potion of ambrosia
 k - 2 potions of might
 l - 3 potions of lignification
 o - 2 potions of cancellation
 q - 4 potions of brilliance
 t - 4 potions of resistance
 u - a potion of magic {unknown}
 x - a potion of curing
 A - a potion of mutation {unknown}
 C - 4 potions of degeneration {unknown}
 D - 3 potions of attraction {unknown}
 E - 4 potions of enlightenment {unknown}
 H - a potion of invisibility {unknown}
 K - a potion of heal wounds


   Skills:
 - Level 7.3 Fighting
 + Level 18.5 Long Blades
 - Level 1.0 Throwing
 - Level 6.4 Armour
 + Level 14.0 Dodging
 - Level 1.0 Stealth


You had 11 spell levels left.
You didn't know any spells.
Your spell library contained the following spells:

 Spells                   Type           Power      Damage    Failure   Level
 Apportation              Tloc           0%         N/A       43%         1
 Necrotise                Necr           0%         1d4       43%         1
 Sting                    Conj/Alch      0%         1d3       43%         1
 Summon Small Mammal      Summ           0%         N/A       43%         1
 Blink                    Tloc           0%         N/A       56%         2
 Cigotuvi's Dreadful Rot  Necr/Alch/Air  0%         N/A       56%         2
 Ensorcelled Hibernation  Hex/Ice        0%         N/A       56%         2
 Lesser Beckoning         Tloc           0%         N/A       56%         2
 Momentum Strike          Conj/Tloc      0%         3d8       56%         2
 Call Canine Familiar     Summ           0%         N/A       80%         3
 Dazzling Flash           Conj/Hex       0%         N/A       80%         3
 Fugue of the Fallen      Necr           0%         N/A       80%         3
 Gell's Gravitas          Tloc           0%         N/A       80%         3
 Hailstorm                Conj/Ice       0%         3d5       80%         3
 Mephitic Cloud           Conj/Alch/Air  0%         N/A       80%         3
 Summon Ice Beast         Ice/Summ       0%         N/A       80%         3
 Teleport Other           Tloc           0%         N/A       80%         3
 Anguish                  Hex/Necr       0%         N/A       99%         4
 Dispel Undead            Necr           0%         3d6       99%         4
 Martyr's Knell           Necr/Summ      0%         N/A       99%         4
 Summon Blazeheart Golem  Fire/Summ      0%         N/A       99%         4
 Vhi's Electric Charge    Tloc/Air       0%         N/A       99%         4
 Arcjolt                  Conj/Air       0%         1d10      100%        5
 Curse of Agony           Necr           0%         N/A       100%        5
 Silence                  Hex/Air        0%         N/A       100%        5
 Death Channel            Necr           0%         N/A       100%        6
 Plasma Beam              Fire/Air       0%         2x1d10    100%        6
 Sculpt Simulacrum        Ice/Alch       0%         N/A       100%        6


Dungeon Overview and Level Annotations

Branches:
Dungeon (11/15)            Temple (1/1) D:5            Lair (3/5) D:9
 Shoals (0/4) Lair:2
  Snake: Lair:2-3    Spider: Lair:2-3       Orc: D:9-12

Altars:
Ashenzari
Cheibriados
Dithmenos
Elyvilon
Fedhas
Gozag
Hepliaklqana
Kikubaaqudgha
Makhleb
Nemelex Xobeh
Okawaru
Qazlal
Ru
Sif Muna
Trog
Uskayaw
Vehumet
Wu Jian
Xom
Yredelemnul
Zin
The Shining One

Shops:
D:8 *   Lair:1 [   Lair:2 (

Annotations:
Temple 2 transporters
Lair:3 Kirke


Innate Abilities, Weirdness & Mutations

You are a filthy swine.
You move quickly.
Your equipment is almost entirely melded.
You are incapable of wielding weapons or throwing items.
You cannot cast spells.
((You have a pair of horns on your head.))
((You reflexively headbutt those who attack you in melee.))


Message History

Kirke is moderately wounded.
The hog misses you. x2; The hog barely misses you.
Kirke hits you. The hog closely misses you.
You hit Kirke but do no damage.
Kirke is moderately wounded.
The hog bites you. The hog completely misses you. The hog closely misses you.
Kirke completely misses you. The hog misses you. The hog closely misses you.
You bite Kirke!
Kirke is moderately wounded.
The hog bites you! The hog bites you. The hog barely misses you.
Kirke hits you. The hog misses you.
You bite Kirke!
Kirke is moderately wounded.
The hog bites you! The hog closely misses you. Kirke hits you.
The hog completely misses you. The hog closely misses you.
The hog barely misses you.
You hit Kirke.
Kirke is moderately wounded.
The hog misses you. The hog barely misses you. The hog bites you!
* * * LOW HITPOINT WARNING * * *
Kirke casts a spell at you.
You struggle to resist.
The hog completely misses you. The hog misses you. The hog bites you.
* * * LOW HITPOINT WARNING * * *
Kirke hits you!
* * * LOW HITPOINT WARNING * * *
You hit Kirke but do no damage.
Kirke is moderately wounded.
The hog misses you. The hog closely misses you. The hog bites you.
* * * LOW HITPOINT WARNING * * *
Kirke completely misses you. The hog attacks as it pursues you!
The hog closely misses you. The hog misses you. The hog completely misses you.
The hog bites you!
* * * LOW HITPOINT WARNING * * *
The hog attacks as it pursues you! The hog misses you.
The hog attacks as it pursues you! The hog misses you. The hog misses you.
The hog attacks as it pursues you! The hog bites you.
You die...
Your body crumbles into a pile of gold.

..... .+...ß...## ..# #.#.
.. .......### .).#
#..###.### .......#...
.....##.####..ß..#.#
#...#.............# ß. #
#.SH+............#.... #≈
#..@....ß..ß.<.ß....<.
..#≈≈#....h...........#....
..~≈≈....hhh...........#.ß.
...≈≈~...#..#.....ß..### #
##.≈~.~....#.#......##
#..≈~...#.#........##
#..~~~~.#.....ß....#
.~.~~...#............
P.~~~.~.#........#...+
#..~~..~......##....#..
.~.~......##.## #....#.


You could see Kirke, a manticore (summoned), 3 hogs and a water moccasin.

Vanquished Creatures
  A boulder beetle (Lair:1)
  6 death yaks (Lair:2)
  Urug (Lair:1)
  A skeletal warrior (D:10)
  2 black mambas
  5 cane toads
  A rime drake (Lair:1)
  A komodo dragon (Lair:2)
  2 kobold demonologists (D:9)
  3 polar bears
  A hornet (D:9)
  Grinder (D:3)
  9 blink frogs
  35 yaks
  3 wyverns
  A hog (Lair:3)
  A basilisk (Lair:2)
  A steam dragon (D:9)
  8 water moccasins
  A sky beast (D:7)
  A boggart (D:10)
  2 ogres
  14 wolves
  6 centaurs
  4 kobold brigands
  A phantom (D:6)
  Blork the orc (D:6)
  A gnoll sergeant (D:9)
  6 bullfrogs
  4 scorpions
  2 wights (D:9)
  12 killer bees
  A bombardier beetle (D:3)
  9 hounds
  2 jellies
  2 gnoll boudas
  Terence (D:3)
  2 iguanas
  3 orc wizards
  6 hell rats (Lair:1)
  Robin (D:3)
  8 adders
  17 gnolls
  A shadow imp (D:7)
  3 white imps
  4 ufetubi
  A ribbon worm (D:3)
  26 orcs
  3 bats
  10 endoplasms
  13 goblins
  7 hobgoblins
  2 jackals (D:1)
  18 kobolds
  5 quokkas
  12 ball pythons
  5 rats
300 creatures vanquished.

Vanquished Creatures (others)
  A yak (D:10)
  A wight (D:9)
2 creatures vanquished.

Grand Total: 302 creatures vanquished

Notes
Turn   | Place    | Note
-------+----------+-------------------------------------------
     0 | D:1      | Persephone the Minotaur Wanderer began the quest for the
                  | Orb.
     0 | D:1      | Persephone set off with the following items: a +3 falchion,
                  | 8 boomerangs, a +0 dagger, a scroll of fear, a +0 leather
                  | armour.
     0 | D:1      | Reached XP level 1. HP: 19/19 MP: 0/0
    72 | D:1      | Reached skill level 5 in Long Blades
   117 | D:1      | Reached XP level 2. HP: 18/26 MP: 1/1
   322 | D:1      | Reached skill level 6 in Long Blades
   361 | D:1      | Reached XP level 3. HP: 31/31 MP: 2/2
   814 | D:2      | Reached XP level 4. HP: 35/39 MP: 3/3
   858 | D:2      | Found a faded altar of an unknown god.
   962 | D:2      | Reached skill level 7 in Long Blades
  1681 | D:3      | Noticed Robin
  1737 | D:3      | Killed Robin
  1738 | D:3      | Reached XP level 5. HP: 40/45 MP: 4/4
  1990 | D:3      | Noticed Grinder
  2003 | D:3      | Killed Grinder
  2004 | D:3      | Reached skill level 9 in Long Blades
  2004 | D:3      | Reached XP level 6. HP: 33/51 MP: 5/5
  2121 | D:3      | Noticed Terence
  2131 | D:3      | Killed Terence
  2435 | D:3      | Reached skill level 10 in Long Blades
  2772 | D:4      | Reached XP level 7. HP: 57/57 MP: 6/6
  3361 | D:5      | Entered Level 5 of the Dungeon
  3566 | D:5      | Reached skill level 11 in Long Blades
  3898 | D:5      | Found a staircase to the Ecumenical Temple.
  4372 | Temple   | Found a transporter.
  4372 | Temple   | Found a transporter.
  4372 | Temple   | Found a transporter.
  4372 | Temple   | Found a transporter.
  4372 | Temple   | Entered the Ecumenical Temple
  4403 | Temple   | Became a worshipper of Gozag Ym Sagoz the Greedy
  4451 | D:6      | Reached skill level 12 in Long Blades
  4451 | D:6      | Reached XP level 8. HP: 64/64 MP: 7/7
  4664 | D:6      | Found a sacrificial altar of Ru.
  4664 | D:6      | Found a blossoming altar of Fedhas.
  4664 | D:6      | Found a hazy altar of Hepliaklqana.
  4685 | D:6      | Found a broken altar of Ashenzari.
  4723 | D:6      | Reached skill level 13 in Long Blades
  5077 | D:6      | Reached skill level 14 in Long Blades
  5085 | D:6      | Noticed Blork the orc
  5118 | D:6      | Killed Blork the orc
  5119 | D:6      | Reached skill level 1 in Dodging
  5415 | D:7      | Found a glowing golden altar of the Shining One.
  5571 | D:7      | Reached XP level 9. HP: 72/72 MP: 8/8
  5999 | D:8      | Found a radiant altar of Vehumet.
  6002 | D:8      | Found a shimmering blue altar of Sif Muna.
  6004 | D:8      | Found a shadowy altar of Dithmenos.
  6137 | D:8      | Found Biomeil's Assorted Antiques.
  6179 | D:8      | Reached skill level 5 in Fighting
  6218 | D:8      | Reached skill level 5 in Dodging
  6496 | D:8      | Reached skill level 5 in Armour
  6759 | D:9      | Paralysed by a hornet for 2 turns
  6823 | D:9      | Found a staircase to the Lair.
  6861 | D:9      | HP: 1/68 [wight/+5 great sword (5)]
  6873 | D:10     | Entered Level 10 of the Dungeon
  6893 | D:10     | Reached XP level 10. HP: 30/78 MP: 9/9
  6895 | D:10     | HP: 1/78 [yak (15)]
  7833 | D:10     | Reached skill level 15 in Long Blades
  8090 | D:10     | Reached XP level 11. HP: 90/92 MP: 10/10
  8101 | D:10     | Reached skill level 10 in Dodging
  8225 | D:10     | Found an ornate altar of the Wu Jian Council.
  8569 | D:11     | Noticed a skeletal warrior
  8570 | D:11     | Noticed a two-headed ogre
  8572 | D:11     | Noticed a green ugly thing
  8574 | D:11     | Noticed a skeletal warrior
  8604 | D:10     | Killed a skeletal warrior
  8642 | Lair:1   | Entered Level 1 of the Lair of Beasts
  8693 | Lair:1   | Found an iron altar of Okawaru.
  8775 | Lair:1   | Reached skill level 16 in Long Blades
  9223 | Lair:1   | Noticed a boulder beetle
  9230 | Lair:1   | Killed a boulder beetle
  9275 | Lair:1   | Noticed Urug
  9285 | Lair:1   | Killed Urug
  9286 | Lair:1   | Reached skill level 17 in Long Blades
  9418 | Lair:1   | Bought a pair of embroidered boots for 247 gold pieces
  9418 | Lair:1   | Bought a twisted ring mail for 297 gold pieces
  9418 | Lair:1   | Identified the +5 ring mail "Obad" {rC+ Will+} (You bought
                  | it in a shop on level 1 of the Lair of Beasts)
  9540 | Lair:2   | Reached XP level 12. HP: 92/100 MP: 11/11
  9602 | Lair:2   | Found a staircase to the Shoals.
 10023 | Lair:2   | Noticed a death yak
 10023 | Lair:2   | Noticed a death yak
 10023 | Lair:2   | Noticed a death yak
 10046 | Lair:2   | Killed a death yak
 10073 | Lair:2   | Noticed a death yak
 10095 | Lair:2   | Noticed a death yak
 10096 | Lair:2   | Killed a death yak
 10099 | Lair:2   | Noticed a death yak
 10102 | Lair:2   | Killed a death yak
 10108 | Lair:2   | Killed a death yak
 10109 | Lair:2   | Reached skill level 18 in Long Blades
 10112 | Lair:2   | Killed a death yak
 10115 | Lair:2   | Killed a death yak
 10569 | Lair:2   | Identified a scroll of acquirement
 10569 | Lair:2   | Acquired 1293 gold pieces
 10572 | Lair:2   | Bought an ivory great sword for 310 gold pieces
 10572 | Lair:2   | Identified the +4 great sword of Gallantry {drain, rF++ rC-
                  | Str+4 Stlth+} (You bought it in a shop on level 2 of the
                  | Lair of Beasts)
 10750 | Lair:3   | Noticed Kirke
 10770 | Lair:3   | HP: 2/100 [hog[Kirke] (10)]
 10773 | Lair:3   | Slain by a hog

Illustrated notes

Levels and vault maps discovered:
D:1:      shiori_arrival_maze, layout_basic
D:2:      layout_basic, chequers_ecumenical_altar_simple_redux
D:3:      layout_basic, uniq_grinder, uniq_terence, uniq_robin
D:4:      layout_loops_ring, nicolae_elevator_lobby_plus
D:5:      layout_loops_corners, minmay_temple_entry_glassed_door
D:6:      layout_basic, mainiacjoe_overflow_brackets,
          gammafunk_temple_overflow_claw, minmay_hedge_maze, uniq_blork_the_orc
D:7:      layout_rooms, mainiacjoe_overflow_small_starburst
D:8:      layout_basic, grunt_temple_overflow_open, serial_shops,
          kennysheep_mini_moat
D:9:      layout_rooms, lair_entry_dummy
D:10:     layout_loops_ring, kennysheep_mini, chequers_serial_rivers_micro_a
D:11:     layout_basic, orc_0_dummy, nzn_ghost_randoct,
          kennysheep_generic_room_12, uniq_erolcha
Temple:   hellmonk_temple_divided_pantheon
Lair:1:   beast_lair_carwin_large_3, layout_chaotic_city, basic_altar,
          serial_bayou_shore_a, uniq_urug
Lair:2:   layout_cave_pods, minmay_shoals_entry_centaurs
Lair:3:   layout_regular_city, guppyfry_snake_entry_island,
          chequers_serial_rivers_small_3, grunt_megastairs_3, uniq_kirke

Skill      XL: |  1  2  3  4  5  6  7  8  9 10 11 12 |
---------------+-------------------------------------+-----
Long Blades    | 5 6 7 9 10 12 14 15 17 18 | 18.5
Fighting       | 4 6 7 |  7.3
Armour         | 2 5 6 |  6.4
Dodging        | 1 6 9 12 14 | 14.0
Throwing       | |  1.0
Stealth        | |  1.0

Action                     |  1- 3 |  4- 6 |  7- 9 | 10-12 || total
---------------------------+-------+-------+-------+-------++-------
  Melee: Falchion          |    49 |   109 |   239 |       ||   397
         Headbutt          |     6 |    24 |    60 |    86 ||   176
         Scimitar          |       |       |    98 |    71 ||   169
         Great sword       |       |       |       |   313 ||   313
         Unarmed           |       |       |       |    14 ||    14
 Invoke: Potion Petition   |       |       |     1 |     1 ||     2
         Call Merchant     |       |       |       |     2 ||     2
    Use: Scroll            |       |     5 |    10 |     6 ||    21
         Potion            |       |       |     6 |     3 ||     9
   Stab: Sleeping          |     1 |     5 |       |       ||     6
         Distracted        |       |       |     1 |     7 ||     8
         Confused          |       |       |       |     2 ||     2
 Armour: Leather armour    |    27 |    60 |       |       ||    87
         Scale mail        |       |    11 |   211 |    87 ||   309
         Skin              |       |       |     8 |    18 ||    26
         Ring mail         |       |       |       |   122 ||   122
  Dodge: Dodged            |    21 |    61 |   139 |   307 ||   528

Table legend: (Time is in decaauts)
 A = Elapsed time spent in this place.
 B = Non-inter-level travel time spent in this place.
 C = Inter-level travel time spent in this place.
 D = Time resting spent in this place.
 E = Time spent auto-exploring this place.
 F = Levels seen in this place.
 G = Mean time per level.
                   A        B        C        D        E       F      G
               +--------+--------+--------+--------+--------+-----+--------+
         Total |  10585 |   9814 |    771 |      0 |   7898 |  15 |  705.7 |
       Dungeon |   8444 |   7733 |    711 |      0 |   6344 |  11 |  767.6 |
        Temple |     48 |     29 |     19 |      0 |      0 |   1 |   48.0 |
          Lair |   2092 |   2052 |     40 |      0 |   1554 |   3 |  697.3 |
               +--------+--------+--------+--------+--------+-----+--------+

Top non-repeatable levels by time:
  Lair:2: 1204 daAuts
     D:5: 1088 daAuts
     D:3: 1032 daAuts
    D:10: 1002 daAuts
     D:8: 937 daAuts
     D:2: 929 daAuts
     D:6: 844 daAuts
  Lair:1: 815 daAuts
     D:4: 728 daAuts
     D:1: 726 daAuts
     D:9: 635 daAuts
     D:7: 469 daAuts
  Lair:3: 72 daAuts
    D:11: 49 daAuts
  Temple: 48 daAuts
